 Dungeon Crawl Stone Soup version 0.29.0-11-gd7f09526c8 (webtiles) character file.

Game seed: 16292863387094968895

12 sanka the Insei (level 2, -1/23 HPs)
             Began as a Meteoran Transmuter on Sept 3, 2022.
             Shot with a sling bullet by a goblin (4 damage)
             ... on level 2 of the Dungeon.
             The game lasted 00:01:16 (259 turns).

sanka the Insei (Meteoran Transmuter)                Turns: 259, Time: 00:01:17

Health: -1/23      AC:  2    Str: 11    XL:     2   Next: 64%
Magic:  5/6        EV: 12    Int: 14    God:
Gold:   39         SH:  0    Dex: 14    Spells: 5/6 levels left

rFire   . . .      SeeInvis .     - Unarmed
rCold   . . .      Faith    .   (no shield)
rNeg    . . .      Spirit   .   a - +0 robe
rPois   .          Reflect  .   (helmet currently unavailable)
rElec   .          Harm     .   (no cloak)
rCorr   .          Rampage  .   (no gloves)
Will    .....                   (boots currently unavailable)
Stlth   +.........              (no amulet)
HPRegen 0.07/turn               (no ring)
MPRegen 0.10/turn               (no ring)

@: appendages, glowing
A: horns 2, talons 2, sense surroundings 1, otherworldly, glowing, explore regen
a: End Transformation


You were on level 2 of the Dungeon.
You had temporarily grown beastly horns and talons.
You visited 1 branch of the dungeon, and saw 2 of its levels.

You collected 39 gold pieces.


Innate Abilities, Weirdness & Mutations

You have temporarily grown beastly horns and talons.
You passively map a small area around you.
You are easily found by Zot.
You glow in the dark.
You regain HP and MP as you explore.


   Skills:
 - Level 1.1 Fighting
 - Level 2.4 Dodging
 + Level 4.1 Unarmed Combat
 - Level 2.6 Spellcasting
 + Level 3.0 Transmutations


You had 5 spell levels left.
You knew the following spells:

 Your Spells              Type           Power      Damage    Failure   Level
z - Beastly Appendage     Tmut           20%        N/A       6%          1

Your spell library contained the following spells:

 Spells                   Type           Power      Damage    Failure   Level
 Wereblood                Tmut           10%        N/A       10%         2
 Spider Form              Tmut/Pois      6%         N/A       34%         3
 Gell's Gravitas          Tloc           1%         N/A       54%         3
 Lesser Beckoning         Tloc           1%         N/A       54%         3
 Teleport Other           Tloc           1%         N/A       54%         3
 Ice Form                 Ice/Tmut       6%         N/A       75%         4

Inventory:

Armour
 a - a +0 robe (worn)
Scrolls
 d - a scroll of identify {unknown}
 e - a scroll of magic mapping {unknown}
Potions
 b - a potion of lignification {!q}
 c - a potion of curing {unknown}
 f - a potion of resistance {unknown}

Dungeon Overview and Level Annotations

Branches:
Dungeon (2/15) Zot: 944

Altars:

, , ...▒. ░
▒▒▒.▒ , ░ ░
.▒.▒ ,..▒.▒ ░
░ ..▒ ▒.▒.▒ ,
░ ...▒▒▒.▒.▒ ,
░,▒......▒.▒ ░
░ ,▒.▒ ▒..▒.▒
░ ▒.▒▒▒..▒.▒ ░
░
▒▒+▒........▒
,
▒...p.▒▒▒▒..▒
░
▒.....+.....▒
, ,░
▒.....▒▒▒▒.▒▒░
▒...g.▒ ▒.. ,
░▒...... ,...
░ ▒▒▒▒▒.▒▒
▒▒▒▒░ ░ ▒.▒ ,
░ .▒░░ , ' ░ ,
,


You could see a goblin.


Message History

* * * LOW HITPOINT WARNING * * *
You hit the ufetubus. Your headbutt misses the ufetubus.
The ufetubus is heavily wounded.
The ufetubus closely misses you. The ufetubus misses you.
Unknown command.
You hit the ufetubus but do no damage. Your kick misses the ufetubus.
Your headbutt misses the ufetubus.
The ufetubus is heavily wounded.
The ufetubus hits you.
* * * LOW HITPOINT WARNING * * *
The ufetubus closely misses you.
You completely miss the ufetubus. You headbutt the ufetubus.
The ufetubus is heavily wounded.
The ufetubus completely misses you.
The ufetubus hits you but does no damage.
The ufetubus barely misses you. The ufetubus closely misses you.
Unknown command.
You hit the ufetubus. You headbutt the ufetubus.
You kill the ufetubus!
The goblin unwields a +0 club.
The goblin wields a +0 sling.
The goblin shoots a sling bullet.
The sling bullet hits you.
You die...

Action                   || total
-------------------------++-------
Melee: Unarmed           ||    49
       Kick              ||     3
       Headbutt          ||     4
       Punch             ||     1
 Cast: Beastly Appendage ||     4
Armor: Robe              ||    12
Dodge: Dodged            ||    29

Levels and vault maps discovered:
D:1:      saegor_arrival_simple_d, layout_rooms, ebering_ecumenical_altar_box,
          grunt_decor_mini_mirrors
D:2:      layout_basic

Notes
Turn   | Place    | Note
-------+----------+-------------------------------------------
     0 | D:1      | sanka the Meteoran Transmuter began the quest for the Orb.
     0 | D:1      | Reached XP level 1. HP: 16/16 MP: 5/5
    41 | D:1      | Reached XP level 2. HP: 10/23 MP: 6/6
    52 | D:1      | Reached skill level 4 in Unarmed Combat
   145 | D:1      | Reached skill level 3 in Transmutations
   259 | D:2      | Shot with a sling bullet by a goblin

Vanquished Creatures
  An ufetubus (D:2)
  3 goblins (D:1)
  2 hobgoblins (D:1)
  3 ball pythons (D:1)
  2 bats (D:1)
  2 frilled lizards (D:1)
13 creatures vanquished.
